 Dungeon Crawl Stone Soup version bcrawl-1.36.3 (webtiles) character file.

Game seed: 16005233735738510764

323750 doomedcactus the Tainter (level 9, 0/93 HPs)
             Began as an Ent Venom Mage on June 22, 2022.
             Was a Priest of Fedhas.
             Slain by a death yak (9 damage)
             ... on level 7 of the Dungeon.
             The game lasted 00:34:50 (6325 turns).

doomedcactus the Tainter (Ent Venom Mage)           Turns: 6325, Time: 00:34:51

Health: 0/93       AC: 18    Str: 16    XL:     9   Next: 80%
Magic:  10/25      EV: 11    Int: 19    God:    Fedhas [***...]
Gold:   397        SH:  0    Dex: 10    Spells: 4/18 levels left

rFire    . . .     SeeInvis .   K - +1 morningstar
rCold    . . .     Gourm    .   (no shield)
rNeg     + + +     Faith    .   (armour unavailable)
rPois    +         Spirit   .   (helmet restricted)
rElec    .         Reflect  .   B - +1 cloak
rCorr    .                      (gloves unavailable)
MR       .....                  (boots unavailable)
Stlth    ++........             (no amulet)
HPRegen  0.25/turn              b - ring of wizardry
MPRegen  0.19/turn              w - ring of magical power

@: very slow
A: large, slow actions, passwall, strong branches, negative energy resistance 3,
poison resistance, slow metabolism 1, torment resistance, unbreathing, AC +16
a: Passwall, Fungal Bloom, Sunlight, Evolution, Growth, Renounce Religion


You were on level 7 of the Dungeon.
You worshipped Fedhas.
Fedhas was most pleased with you.
You were not hungry.

You visited 2 branches of the dungeon, and saw 8 of its levels.
You also visited: Ossuary.

You collected 397 gold pieces.

Inventory:

Hand Weapons
 D - a +3 whip of venom
 K - a +1 morningstar (weapon)
Armour
 B - a +1 cloak (worn)
Jewellery
 b - a ring of wizardry (left hand)
 m - a +5 ring of dexterity
 q - a +5 ring of dexterity
 w - a ring of magical power (right hand)
 I - an uncursed ring of insulation
Wands
 f - a wand of acid (8)
 s - a wand of polymorph (29)
 y - a wand of random effects (6)
 C - a wand of clouds (7)
 E - a wand of digging (11)
Scrolls
 c - a scroll of amnesia
 d - 6 scrolls of remove curse
 h - 2 scrolls of fear
 l - a scroll of magic mapping
 o - 3 scrolls of enchant armour
 x - 4 scrolls of teleportation
Potions
 a - 2 potions of agility
 g - a potion of cancellation
 j - 2 potions of curing
 n - 2 potions of flight {unknown}
 p - 3 potions of magic {unknown}
 r - 2 potions of heal wounds {unknown}
 t - a potion of lignification {unknown}
 v - 2 potions of haste {unknown}
 z - a potion of mutation {unknown}
 A - 2 potions of resistance {unknown}
 G - a potion of brilliance {unknown}
Comestibles
 e - 8 rations {!d}
 i - 2 chunks of flesh


   Skills:
 * Level 4.9 Fighting
 * Level 4.3 Maces & Flails
 * Level 5.4 Dodging
 + Level 4.0 Stealth
 + Level 0.6 Unarmed Combat
 + Level 5.2 Spellcasting
 + Level 2.3 Conjurations
 * Level 1.5 Summonings
 + Level 1.8 Transmutations
 + Level 3.1 Fire Magic
 + Level 3.5 Air Magic
 * Level 8.0 Poison Magic
 - Level 4.0 Invocations
 - Level 0.1 Evocations


You had 4 spell levels left.
You knew the following spells:

 Your Spells              Type           Power        Failure   Level  Hunger
a - Sting                 Conj/Pois      ###.         1%          1    None
b - Poisonous Vapours     Pois/Air       ####..       1%          2    None
c - Ignite Poison         Fire/Tmut/Pois ###.....     2%          3    ###....
d - Olgreb's Toxic Radia  Pois           #####....    1%          4    ####...
e - Summon Scorpions      Summ/Pois      ###.....     7%          4    ####...

Your spell library contained the following spells:

 Spells                   Type           Power        Failure   Level  Hunger
 Necrotize                Necr           #.....       4%          1    None
 Vampiric Draining        Necr           #.........   16%         3    ###....
 Agony                    Necr           #.......     43%         4    ####...
 Animate Dead             Necr           N/A          43%         4    ####...
 Venom Bolt               Conj/Pois      ###.......   16%         5    ######.
 Dispel Undead            Necr           #.......     77%         5    ######.


Dungeon Overview and Level Annotations

Branches:
Dungeon (7/12)             Temple (1/1) D:4            Lair (0/6) D:7

Altars:
Ashenzari
Cheibriados
Dithmenos
Elyvilon
Fedhas
Gozag
Hepliaklqana
Kikubaaqudgha
Lugonu
Makhleb
Nemelex Xobeh
Okawaru
Qazlal
Ru
Sif Muna
Trog
Uskayaw
Vehumet
Wu Jian
Xom
Yredelemnul
Zin
The Shining One

Shops:
D:4 }   D:5 *


Innate Abilities, Weirdness & Mutations

You move and act slowly.
You can pass through walls and trees.
Your branches can wield two-handed weapons with a shield.
Your thick bark is tough. (AC +16)
You are too large for most types of armour.
You are immune to negative energy. (rN+++)
Your system is resistant to poisons. (rPois)
You have a slow metabolism.
You are immune to unholy pain and torment.
You can survive without breathing.


Message History

The death yak gores you but does no damage. x2
Casting: Olgreb's Toxic Radiance (safe; 1% risk of failure)
Confirm with . or Enter, or press ? or * to list all spells.
You ignite the poison in your surroundings!
The death yak seems to burn from within!
The death yak is lightly wounded.
The death yak seems to burn from within!!
The death yak is severely wounded.
The quokka seems to burn from within.
You kill the quokka!
Fedhas appreciates your composting. The death yak gores you!
The death yak closely misses you. The death yak gores you.
The death yak gores you but does no damage.
The death yak closely misses you. The death yak barely misses you.
The death yak gores you!!
* * * LOW HITPOINT WARNING * * *
The death yak gores you!
You die...
Fedhas appreciates your contribution to the ecosystem.

..........)).)†....#
#......#####.....##
#......# #.....#
#......# #.....#
#......# #.....#
#......# #.....#
#......# #.....#
#......# #.....#
#...)..# #...@Y#
##......# #...YY#
...##'########..(..†
...#.........#......††
...#.........#.......†..
...#....)....#......†..†
...##+####+###.........>
.................##..#..
.).............


You could see 3 death yaks.

Vanquished Creatures
  A hippogriff (D:6)
  Sigmund (D:3)
  2 wraiths (Ossuary)
  2 water moccasins (D:6)
  2 sky beasts
  3 ice beasts
  2 orc warriors (D:6)
  A phantom (D:6)
  2 ogres
  2 bullfrogs
  A gnoll sergeant (D:7)
  A centaur (D:5)
  2 scorpions
  3 killer bees (D:7)
  2 howler monkeys (D:4)
  3 wights (Ossuary)
  4 orc priests
  2 crimson imps
  4 hounds
  2 jellies
  7 orc wizards
  Ijyb (D:3)
  2 iguanas
  2 hell rats (D:7)
  6 worker ants
  A hound zombie (D:5)
  A worker ant zombie (D:6)
  5 gnolls
  5 adders
  2 adder skeletons (D:4)
  3 worms
  24 orcs
  6 giant cockroaches
  5 goblins
  7 hobgoblins
  12 jackals
  5 kobolds
  5 quokkas
  2 ball python skeletons (Ossuary)
  5 bats (D:1)
  2 frilled lizards (D:1)
  2 hobgoblin skeletons (Ossuary)
  3 hobgoblin zombies (Ossuary)
  2 kobold zombies (Ossuary)
  A quokka skeleton (D:5)
  13 rats
171 creatures vanquished.

Vanquished Creatures (others)
  8 toadstools
8 creatures vanquished.

Grand Total: 179 creatures vanquished

Notes
Turn   | Place    | Note
-------+----------+-------------------------------------------
     0 | D:1      | doomedcactus the Ent Venom Mage began the quest for the
                  | Orb.
     0 | D:1      | Reached XP level 1. HP: 18/18 MP: 3/3
    74 | D:1      | Reached XP level 2. HP: 26/26 MP: 1/5
   303 | D:1      | Learned a level 2 spell: Poisonous Vapours
   699 | D:2      | Reached XP level 3. HP: 31/35 MP: 0/6
  1225 | D:2      | Found a shattered altar of Ashenzari.
  1250 | D:2      | Reached skill level 1 in Fighting
  1269 | D:2      | Learned a level 3 spell: Ignite Poison
  1441 | D:3      | Noticed Sigmund
  1461 | D:3      | Noticed Ijyb
  1473 | D:3      | Killed Ijyb
  1474 | D:3      | Reached skill level 1 in Air Magic
  1474 | D:3      | Reached XP level 4. HP: 42/44 MP: 1/8
  1612 | D:3      | Reached skill level 4 in Poison Magic
  1867 | D:4      | Reached XP level 5. HP: 51/53 MP: 4/9
  2001 | D:4      | Noticed a sky beast
  2007 | D:4      | Killed a sky beast
  2057 | D:4      | Found Kauzarapn's Gadget Emporium.
  2105 | D:4      | Found a staircase to the Ecumenical Temple.
  2115 | Temple   | Entered the Ecumenical Temple
  2342 | Temple   | Became a worshipper of Fedhas Madash
  2390 | D:4      | Reached skill level 1 in Maces & Flails
  2390 | D:4      | Reached XP level 6. HP: 46/61 MP: 10/10
  2442 | D:4      | Learned a level 4 spell: Olgreb's Toxic Radiance
  2515 | D:4      | Reached skill level 5 in Poison Magic
  2589 | D:4      | Reached * piety under Fedhas
  2638 | D:4      | Reached XP level 7. HP: 49/71 MP: 6/12
  2693 | D:4      | Found a glowing golden altar of the Shining One.
  3208 | D:5      | Entered Level 5 of the Dungeon
  3270 | D:5      | Found Koesiug's General Store.
  3684 | D:5      | Reached skill level 1 in Fire Magic
  4026 | D:3      | Killed Sigmund
  4027 | D:3      | Reached skill level 1 in Transmutations
  4027 | D:3      | Reached skill level 1 in Invocations
  4178 | D:5      | Found a white marble altar of Elyvilon.
  4179 | D:5      | Found a shadowy altar of Dithmenos.
  4289 | D:5      | Reached XP level 8. HP: 74/79 MP: 14/14
  4682 | D:6      | Reached skill level 6 in Poison Magic
  4731 | D:6      | Found a sand-covered staircase.
  4740 | Ossuary  | Entered an ossuary
  4885 | Ossuary  | Noticed a flying skull
  4892 | Ossuary  | Noticed a flying skull
  5067 | Ossuary  | Noticed a flying skull
  5078 | Ossuary  | Reached ** piety under Fedhas
  5124 | Ossuary  | Learned a level 4 spell: Summon Scorpions
  5185 | D:6      | Noticed a hippogriff
  5233 | D:6      | Killed a hippogriff
  5234 | D:6      | Reached XP level 9. HP: 76/91 MP: 12/15
  5380 | D:6      | Reached skill level 5 in Dodging
  5426 | D:6      | Reached skill level 1 in Summonings
  5531 | D:6      | Reached skill level 7 in Poison Magic
  5955 | D:7      | Reached *** piety under Fedhas
  5956 | D:7      | Reached skill level 5 in Spellcasting
  6315 | D:7      | Found a staircase to the Lair.
  6315 | D:7      | Noticed a death yak
  6315 | D:7      | Noticed a death yak
  6317 | D:7      | Noticed a death yak
  6321 | D:7      | Reached skill level 8 in Poison Magic
  6325 | D:7      | Slain by a death yak

Skill      XL: |  1  2  3  4  5  6  7  8  9 |
---------------+----------------------------+-----
Dodging        | 2 3 4 5 |  5.4
Fighting       | 1 2 4 |  4.9
Air Magic      | 1 2 3 |  3.5
Poison Magic   | 4 5 6 8 |  8.0
Spellcasting   | 3 4 5 |  5.2
Conjurations   | 2 |  2.3
Maces & Flails | 1 2 3 4 |  4.3
Fire Magic     | 1 2 3 |  3.1
Transmutations | 1 |  1.8
Invocations    | 1 2 4 |  4.0
Stealth        | 3 4 |  4.0
Summonings     | 1 |  1.5
Unarmed Combat | |  0.6
Evocations     | |  0.1

Action                   |  1- 3 |  4- 6 |  7- 9 || total
-------------------------+-------+-------+-------++-------
Melee: Unarmed           |    20 |       |       ||    20
       Whip              |    32 |    94 |   250 ||   376
       Morningstar       |       |       |    16 ||    16
 Cast: Sting             |    68 |    36 |    32 ||   136
       Poisonous Vapours |     1 |    18 |    46 ||    65
       Ignite Poison     |       |     1 |    21 ||    22
       Olgreb's Toxic Ra |       |       |    23 ||    23
Invok: Fungal Bloom      |       |       |     3 ||     3
 Abil: Passwall          |       |       |     3 ||     3
Evoke: Wand              |       |       |     8 ||     8
  Use: Scroll            |       |     3 |    13 ||    16
       Potion            |       |     1 |     2 ||     3
 Stab: Sleeping          |       |       |    11 ||    11
  Eat: Chunk             |     4 |     7 |    14 ||    25
       Ration            |       |       |     4 ||     4
Armor: Skin              |    41 |   111 |   266 ||   418
Dodge: Dodged            |    73 |   116 |   268 ||   457
